 Dungeon Crawl Stone Soup version 0.16-a0-4083-g5af668b (webtiles) character file.

1341 timbw the Cleaver (level 8, 0/57 HPs)
             Began as a Vampire Fighter on Feb 23, 2015.
             Was an Initiate of Makhleb.
             Slain by timbw's ghost (6 damage)
             ... on level 6 of the Dungeon.
             The game lasted 00:13:31 (2967 turns).

timbw the Cleaver (Vampire Fighter)                 Turns: 2967, Time: 00:13:32

Health: 0/57       AC: 11    Str: 17    XL:     8   Next: 35%
Magic:  8/8        EV:  4    Int: 10    God:    Makhleb [......]
Gold:   232        SH:  8    Dex: 13    Spells: 0 memorised, 7 levels left

rFire  + . .     SeeInvis +     a - +0 war axe
rCold  + . .     Clarity  .     f - +0 chain mail
rNeg   + . .     SustAb   .     c - +0 shield
rPois  +         Gourm    .     o - +0 helmet
rElec  +         Spirit   .     (no cloak)
rCorr  +         Warding  .     (no gloves)
rMut   .         Rnd*Tele +     q - +0 pair of boots
MR     .....                    (no amulet)
Stlth  ..........               r - ring of wizardry
                                i - ring of teleportation (curse)

@: resistant, not resistant to hostile enchantments, extremely unstealthy
A: bottle blood, fangs 3, see invisible, unbreathing
a: Bat Form, Renounce Religion, Evoke Teleportation


You were on level 6 of the Dungeon.
You worshipped Makhleb.
Makhleb was noncommittal.
You were not thirsty.

You visited 2 branches of the dungeon, and saw 8 of its levels.

You collected 232 gold pieces.

Inventory:

Hand weapons
 a - a +0 war axe (weapon)
Armour
 b - a +0 scale mail
 c - a +0 shield (worn)
 f - a +0 chain mail (worn)
 g - a +0 helmet
 n - a +1 hat
 o - a +0 helmet (worn)
 q - a +0 pair of boots (worn)
Jewellery
 e - an uncursed ring of ice
 h - an uncursed ring of protection from cold
 i - a cursed ring of teleportation (left hand)
 l - an uncursed ring of magical power
 m - an uncursed ring of see invisible
 r - a ring of wizardry (right hand)
Magical devices
 j - a wand of lightning (4)
 k - a wand of draining (3)
 s - a wand of fireball (3)
Scrolls
 d - 3 scrolls of identify


   Skills:
 - Level 2.6 Fighting
 + Level 9.5 Axes
 - Level 2.4 Armour
 - Level 2.6 Shields


You had 7 spell levels left.
You didn't know any spells.

Dungeon Overview and Level Annotations

Branches:
Dungeon (7/15)             Temple (1/1) D:4

Altars:
Dithmenos
Gozag
Kikubaaqudgha
Makhleb
Ru
Sif Muna
Xom
Yredelemnul

Shops:
D:5 (

Annotations:
D:5 dadoka's ghost, experienced TeFi
D:6 timbw's ghost, experienced HuAE


Innate Abilities, Weirdness & Mutations

You can bottle blood from corpses.
You have razor-sharp teeth.
You have supernaturally acute eyesight.
You can survive without breathing.


Message History

You closely miss the hound. Your bite misses the hound.
The hound is heavily wounded.
You hit timbw's ghost.
Timbw's ghost is lightly damaged.
The hound barely misses you. Timbw's ghost hits you.
* * * LOW HITPOINT WARNING * * *
Unknown command.
You closely miss the hound. You bite the hound.
The hound is severely wounded.
Your shield and chain mail prevent you from hitting timbw's ghost.
Timbw's ghost is lightly damaged.
The hound bites you but does no damage. x2
Timbw's ghost hits you but does no damage.
You slash the hound!
You kill the hound!
Makhleb accepts your kill.
You hit timbw's ghost.
Timbw's ghost is lightly damaged.
Timbw's ghost hits you.
You die...

# #.#..## ##.......###.##.......
#.....####.........##.#...#.###
##.......'.........'......W.W..
###....####.........##.#.....###
#.....## ##.......###.#..##.# #
#.#.)## ##.....## #.......###
#.#..# ##(..## ###........ #
#....# ##W## #.####### ##.#.#
#@# #.# #.#.########†## #.# #.#
##>.....(.# #.# ..# #%####...##
#.# ### #.....# #.#
##...#######.# ##..........#
############


You could see timbw's ghost.

Vanquished Creatures
  A water moccasin (D:5)
  2 ice beasts (D:6)
  A sky beast (D:6)
  2 centaurs
  A big kobold (D:7)
  A giant frog (D:6)
  3 scorpions
  2 jellies (D:5)
  3 crimson imps
  An orc priest (D:3)
  A hound (D:6)
  2 orc wizards
  An iguana (D:6)
  4 worker ants
  A hound skeleton (D:6)
  Terence (D:3)
  3 adders
  A shadow imp (D:6)
  A giant mite (D:1)
  2 worms
  An adder skeleton (D:6)
  2 giant geckos
  2 oozes
  6 orcs
  A ball python (D:5)
  3 bats
  A bat zombie (D:6)
  A giant cockroach (D:6)
  6 hobgoblins
  2 jackals (D:4)
  12 kobolds
  2 giant newts (D:6)
  3 goblins
  A jackal skeleton (D:7)
  A quokka zombie (D:6)
  6 rats
  A ballistomycete (D:6)
85 creatures vanquished.

Vanquished Creatures (others)
  A giant cockroach (D:6)
  A giant spore (D:6)
2 creatures vanquished.

Grand Total: 87 creatures vanquished

Notes
Turn   | Place    | Note
--------------------------------------------------------------
     0 | D:1      | timbw, the Vampire Fighter, began the quest for the Orb.
     0 | D:1      | Reached XP level 1. HP: 17/17 MP: 1/1
    22 | D:1      | Reached XP level 2. HP: 18/23 MP: 2/2
    66 | D:1      | You fall through a shaft!
    85 | D:2      | Reached skill level 3 in Axes
   106 | D:2      | Found an opulent altar of Gozag.
   112 | D:2      | Reached XP level 3. HP: 26/28 MP: 3/3
   182 | D:3      | Reached skill level 4 in Axes
   182 | D:3      | Reached XP level 4. HP: 18/34 MP: 4/4
   287 | D:3      | Found a deep blue altar of Sif Muna.
   294 | D:3      | Noticed Terence
   308 | D:3      | Killed Terence
   678 | D:5      | Entered Level 5 of the Dungeon
   688 | D:5      | Found an ancient bone altar of Kikubaaqudgha.
   706 | D:6      | Noticed a centaur
   757 | D:5      | Reached XP level 5. HP: 39/39 MP: 5/5
   757 | D:5      | Reached skill level 5 in Axes
   869 | D:5      | Noticed a water moccasin
   881 | D:5      | Killed a water moccasin
   881 | D:5      | Reached skill level 6 in Axes
   881 | D:5      | Reached XP level 6. HP: 25/46 MP: 6/6
   975 | D:5      | Noticed dadoka's ghost (experienced TeFi)
  1102 | D:6      | Noticed a giant frog
  1106 | D:6      | Noticed timbw's ghost (experienced HuAE)
  1109 | D:6      | Killed a giant frog
  1180 | D:6      | Reached skill level 7 in Axes
  1180 | D:6      | Reached XP level 7. HP: 7/51 MP: 7/7
  1282 | D:6      | Noticed an ice beast
  1296 | D:6      | Killed an ice beast
  1529 | D:6      | Reached skill level 8 in Axes
  1555 | D:6      | Noticed a centaur
  1556 | D:6      | Noticed a centaur
  2068 | D:6      | Noticed a sky beast
  2267 | D:6      | Killed a sky beast
  2267 | D:6      | Reached XP level 8. HP: 48/57 MP: 8/8
  2356 | D:6      | Reached skill level 9 in Axes
  2621 | D:4      | Found a staircase to the Ecumenical Temple.
  2627 | Temple   | Entered the Ecumenical Temple
  2631 | Temple   | Became a worshipper of Makhleb the Destroyer
  2660 | D:5      | Found Clepargh's Antique Weapon Shoppe.
  2867 | D:6      | Killed a centaur
  2967 | D:6      | Slain by timbw's ghost

Action                   |  1- 3 |  4- 6 |  7- 9 || total
-------------------------+-------+-------+-------++-------
Melee: War axe           |    33 |   130 |   171 ||   334
 Abil: Evoke Teleportati |       |       |     2 ||     2
Evoke: Wand              |       |       |     1 ||     1
  Use: Potion            |     2 |     4 |     1 ||     7
       Scroll            |       |     4 |     6 ||    10
  Eat: Corpse            |     6 |     6 |     3 ||    15
